 Dungeon Crawl Stone Soup version 0.30-a0-760-g5a9884bb7c (webtiles) character file.

Game seed: 10817189279912413617

170 Newt the Shooter (level 5, -7/35 HPs)
             Began as a Kobold Hunter on Feb 10, 2023.
             Mangled by an iron imp (10 damage)
             ... summoned by Eustachio
             ... on level 5 of the Dungeon.
             The game lasted 00:02:43 (3518 turns).

Newt the Shooter (Kobold Hunter)                    Turns: 3518, Time: 00:02:43

Health: -7/35      AC:  4    Str: 14    XL:     5   Next: 80%
Magic:  5/5        EV: 15    Int: 10    God:
Gold:   229        SH:  0    Dex: 21    Spells: 4/4 levels left

rFire   + . .      SeeInvis .    a - +1 shortbow
rCold   + + .      Faith    .    (shield currently unavailable)
rNeg    . . .      Spirit   .    c - +0 leather armour
rPois   .          Reflect  .    (no helmet)
rElec   .          Harm     .    j - scarf {rC+ rF+}
rCorr   .          Rampage  .    k - +0 pair of gloves
Will    .....                    (no boots)
Stlth   +++                      (no amulet)
HPRegen 0.25/turn                e - +6 ring of strength
MPRegen 0.09/turn                i - ring of protection from cold

@: flying
A: small, no large weapons, nightstalker 3
a: no special abilities


You were on level 5 of the Dungeon.
You visited 1 branch of the dungeon, and saw 5 of its levels.

You collected 229 gold pieces.

Inventory:

Hand Weapons
 a - a +1 shortbow (weapon)
Armour
 c - a +0 leather armour (worn)
 j - a scarf of resistance (worn)
 k - a +0 pair of gloves (worn)
 n - a +1 cloak
Jewellery
 e - a +6 ring of strength (left hand)
 i - a ring of protection from cold (right hand)
 p - a ring of protection from cold
 r - a ring of wizardry
Wands
 o - a wand of digging (8)
 s - a wand of roots (6)
 w - a wand of mindburst (17)
Scrolls
 b - a scroll of immolation
 l - a scroll of teleportation
 t - a scroll of magic mapping
Potions
 d - a potion of degeneration
 f - a potion of heal wounds {unknown}
 g - a potion of haste {unknown}
 h - a potion of flight
 m - a potion of mutation {unknown}
 q - a potion of might {unknown}
 v - a potion of curing {unknown}


   Skills:
 - Level 5.0 Fighting
 + Level 6.8 Ranged Weapons
 - Level 2.4 Dodging
 - Level 1.3 Stealth


You had 4 spell levels left.
You didn't know any spells.
Your spell library contained the following spells:

 Spells                   Type           Power      Damage    Failure   Level
 Foxfire                  Conj/Fire      0%         2x1d4     43%         1
 Animate Armour           Summ/Erth      0%         N/A       99%         4
 Summon Ice Beast         Ice/Summ       0%         N/A       99%         4
 Blade Hands              Tmut           0%         N/A       100%        5
 Fireball                 Conj/Fire      0%         3d3       100%        5
 Summon Mana Viper        Hex/Summ       0%         N/A       100%        5
 Conjure Ball Lightning   Conj/Air       0%         3x3d6     100%        6
 Iron Shot                Conj/Erth      0%         9d1       100%        6
 Starburst                Conj/Fire      0%         6d3       100%        6
 Monstrous Menagerie      Summ           0%         N/A       100%        7
 Discord                  Hex            0%         N/A       100%        8
 Disjunction              Tloc           0%         N/A       100%        8


Dungeon Overview and Level Annotations

Branches:
Dungeon (5/15)
 Temple: D:4-7

Altars:
Vehumet

Annotations:
D:4 2 runed translucent doors
D:5 Eustachio


Innate Abilities, Weirdness & Mutations

You are small and have problems with some larger weapons.
You are completely attuned to the shadows.


Message History

You shoot an arrow. The arrow hits Eustachio.
Eustachio is moderately wounded.
You hear a shout!
Eustachio barely misses you.
A gnoll comes into view. It is wielding a +0 whip.
Eustachio mumbles some strange words.
You shoot an arrow. The arrow hits the iron imp.
The iron imp is moderately wounded.
You hear a shout!
A gnoll comes into view. It is wielding a +0 club.
Eustachio barely misses you. The white imp gestures at you.
The puff of frost misses you.
You shoot an arrow. The arrow hits the iron imp.
The iron imp is heavily wounded.
The quasit barely misses you. The quasit closely misses you.
The quasit claws you but does no damage.
The iron imp barely misses you. Eustachio hits you with a +0 rapier!
The quasit barely misses you.
The quasit claws you but does no damage. x2
The iron imp hits you!
You shoot an arrow. The arrow closely misses the iron imp.
Eustachio says, "Summoning is fun!"
Eustachio misses you.
A gnoll comes into view. It is wielding a +0 club.
The quasit closely misses you.
The quasit claws you but does no damage.
The quasit claws you. The white imp gestures at you.
The puff of frost hits you. You resist. The iron imp hits you.
You shoot an arrow. The arrow hits the iron imp.
The iron imp is severely wounded.
The quasit bites you but does no damage.
The quasit closely misses you.
The quasit claws you but does no damage.
Eustachio hits you with a +0 rapier!
* * * LOW HITPOINT WARNING * * *
The white imp barely misses you. The quasit barely misses you.
The quasit closely misses you. x2; The iron imp hits you!
You die...

.......#
.?.....
.g.g..
..g@5#
..g5@#
##.#5# #
#.#
#.######
#.#.<..#
#........
#........
#........
#........


You could see Eustachio, an iron imp (summoned), a quasit (summoned), 4 gnolls
and a white imp (summoned).

Vanquished Creatures
  7 adders
  3 worms
  4 dart slugs
  4 orcs (D:4)
  7 ball pythons
  9 endoplasms
  6 giant cockroaches
  8 goblins
  2 hobgoblins
  4 quokkas
  7 bats
  10 frilled lizards
  8 kobolds
  7 rats
86 creatures vanquished.

Vanquished Creatures (others)
  5 toadstools (D:1)
5 creatures vanquished.

Grand Total: 91 creatures vanquished

Notes
Turn   | Place    | Note
-------+----------+-------------------------------------------
     0 | D:1      | Newt the Kobold Hunter began the quest for the Orb.
     0 | D:1      | Reached XP level 1. HP: 12/12 MP: 1/1
   146 | D:1      | Reached XP level 2. HP: 18/18 MP: 2/2
   443 | D:1      | Reached XP level 3. HP: 23/23 MP: 3/3
   946 | D:2      | Reached XP level 4. HP: 30/30 MP: 4/4
  1418 | D:2      | Reached skill level 5 in Fighting
  1462 | D:2      | Found a radiant altar of Vehumet.
  1819 | D:3      | Reached XP level 5. HP: 35/35 MP: 5/5
  2258 | D:3      | Reached skill level 6 in Ranged Weapons
  2764 | D:4      | Found a runed translucent door.
  2861 | D:4      | Found a runed translucent door.
  3500 | D:5      | Entered Level 5 of the Dungeon
  3509 | D:5      | Noticed Eustachio
  3518 | D:5      | Mangled by an iron imp

Illustrated notes

Levels and vault maps discovered:
D:1:      ldierk_walled_garden, layout_loops_ring, nrook_uturn,
          chequers_serial_rivers_micro_a, hex_medium
D:2:      layout_basic, basic_altar
D:3:      layout_basic
D:4:      layout_basic, ebering_ghost_sewer_f, reono_crystal_passage
D:5:      layout_basic, uniq_eustachio, uniq_sigmund

Skill      XL: |  1  2  3  4  5 |
---------------+----------------+-----
Fighting       | 3 4 5 |  5.0
Ranged Weapons | 6 |  6.8
Dodging        | |  2.4
Stealth        | |  1.3

Action                     |  1- 3 |  4- 6 || total
---------------------------+-------+-------++-------
   Fire: Shortbow          |    68 |   118 ||   186
    Use: Scroll            |     2 |     6 ||     8
         Potion            |       |     1 ||     1
 Armour: Leather armour    |     4 |    14 ||    18
  Dodge: Dodged            |    20 |    40 ||    60

Table legend: (Time is in decaauts)
 A = Elapsed time spent in this place.
 B = Non-inter-level travel time spent in this place.
 C = Inter-level travel time spent in this place.
 D = Time resting spent in this place.
 E = Time spent auto-exploring this place.
 F = Levels seen in this place.
 G = Mean time per level.
                   A        B        C        D        E       F      G
               +--------+--------+--------+--------+--------+-----+--------+
         Total |   3568 |   3440 |    128 |      0 |   3027 |   5 |  713.6 |
       Dungeon |   3568 |   3440 |    128 |      0 |   3027 |   5 |  713.6 |
               +--------+--------+--------+--------+--------+-----+--------+

Top non-repeatable levels by time:
     D:3: 927 daAuts
     D:2: 922 daAuts
     D:4: 862 daAuts
     D:1: 836 daAuts
     D:5: 19 daAuts
